 Dungeon Crawl Stone Soup version 0.15.2 (webtiles) character file.

33 magipi the Chopper (level 3, 0/30 HPs)
             Began as a Hill Orc Gladiator on May 30, 2016.
             Succumbed to an adder's poison
             ... on Level 2 of the Dungeon.
             The game lasted 00:04:06 (916 turns).

magipi the Chopper (Hill Orc Gladiator)              Turns: 916, Time: 00:04:06

HP   0/30        AC  4     Str 17      XL: 3   Next: 29%
MP   3/3         EV 11     Int  8      God:
Gold 54          SH  0     Dex 12      Spells:  0 memorised,  2 levels left

rFire  + . .     SeeInvis .     a - +0 war axe
rCold  + . .     Clarity  .     b - +0 leather armour
rNeg   . . .     rCorr    +     (no shield)
rPois  +         rRot     .     c - +0 helmet
rElec  +         Spirit   .     (no cloak)
SustAb .         Warding  .     (no gloves)
rMut   .         Stasis   .     (no boots)
Gourm  .                        (no amulet)
MR     .....                    (no ring)
                                (no ring)

@: lethally poisoned, resistant, very slightly contaminated, hasted, very quick,
not resistant to hostile enchantments, very unstealthy
A: no striking features
a: no special abilities


You were on level 2 of the Dungeon.
You were not hungry.

You visited 1 branch of the dungeon, and saw 2 of its levels.

You collected 54 gold pieces.

Inventory:

Hand weapons
 a - a +0 war axe (weapon)
Missiles
 k - a tomahawk (quivered)
Armour
 b - a +0 leather armour (worn)
 c - a +0 helmet (worn)
Comestibles
 f - a meat ration
 j - 4 fruits
 m - a chunk of rat flesh
Scrolls
 e - a scroll of remove curse {unknown}
 h - a scroll of amnesia {unknown}
 i - a scroll of teleportation {unknown}


   Skills:
 - Level 2.4 Fighting
 * Level 5.3 Axes
 + Level 2.4 Throwing
 - Level 2.4 Dodging


You had 2 spell levels left.
You didn't know any spells.

Dungeon Overview and Level Annotations

Branches:
Dungeon (2/15)

Altars:

Vault maps used:
D:1:      lemuel_arrival_room
D:2:      overflow_temple_1_default, first_bread, serial_bayou_lake_a


Message History

The giant cockroach bites you but does no damage.
The rat barely misses you.
The giant cockroach bites you but does no damage.
The adder bites you but does no damage.
You climb upwards.
There is a stone staircase leading down here.
You slash the rat!
You kill the rat!
The giant cockroach bites you but does no damage.
You hit the giant cockroach but do no damage.
The giant cockroach closely misses you.
You slash the giant cockroach!
You kill the giant cockroach!
You have reached level 3!
Your experience leads to an increase in your attributes!
Increase (S)trength, (I)ntelligence, or (D)exterity?
You feel agile.
You see here a rat corpse.
You start butchering the rat corpse.
You continue butchering the corpse.
You continue butchering the corpse. x2
You finish butchering the rat corpse.
m - a chunk of rat flesh You see here a rat skeleton.
You start resting.
HP restored.
There is a stone staircase leading down here.
You climb downwards.
The adder bites you.
You are poisoned.
The adder poisons you!
There is a stone staircase leading up here.
You closely miss the adder.
You feel sick. The adder bites you. The adder bites you.
You are more poisoned.
The adder poisons you!
Throwing (i - inventory. (,) - cycle):
d - 2 throwing nets (quivered)
Press: ? - help, Shift-Dir - straight line, f - adder
Aim: an adder You throw a throwing net.
The throwing net closely misses the adder.
You feel sick. The adder bites you.
Throwing (i - inventory. (,) - cycle):
d - a throwing net (quivered)
Press: ? - help, Shift-Dir - straight line, f/p - adder
Aim: an adder You throw a throwing net.
The throwing net closely misses the adder.
The adder bites you but does no damage. The adder bites you.
You are more poisoned.
The adder poisons you!
Throwing (i - inventory):
k - 2 tomahawks (quivered)
Press: ? - help, Shift-Dir - straight line, f/p - adder
Aim: an adder You throw a tomahawk.
The tomahawk hits the adder.
The adder is lightly wounded.
You feel sick. The adder closely misses you.
You hit the adder.
The adder is heavily wounded.
You feel sick. The adder bites you but does no damage.
You miss the adder.
The adder is heavily wounded.
You feel sick. The adder misses you. The adder misses you.
You closely miss the adder.
The adder is heavily wounded.
You feel sick. The adder completely misses you.
Your leather armour prevents you from hitting the adder.
The adder is heavily wounded.
You feel sick. The adder bites you.
You are lethally poisoned!
The adder poisons you! The adder barely misses you.
You miss the adder.
The adder is heavily wounded.
You feel sick. The adder bites you but does no damage.
You closely miss the adder.
The adder is heavily wounded.
You feel sick. The adder misses you. The adder barely misses you.
Unknown command.
You hit the adder.
The adder is severely wounded.
* * * LOW HITPOINT WARNING * * *
You feel sick. The adder bites you.
* * * LOW HITPOINT WARNING * * *
You are more poisoned.
The adder poisons you! The adder bites you but does no damage.
Drink which item? (? for menu, Esc to quit)
You feel protected.
It was a potion of resistance.
* * * LOW HITPOINT WARNING * * *
You feel sick. The adder bites you.
* * * LOW HITPOINT WARNING * * *
Drink which item? (? for menu, Esc to quit)
You feel yourself speed up.
It was a potion of haste.
* * * LOW HITPOINT WARNING * * *
You feel sick. The adder bites you but does no damage.
You are very lightly contaminated with residual magic.
You miss the adder.
The adder is severely wounded.
* * * LOW HITPOINT WARNING * * *
You feel sick. The adder barely misses you.
You slash the adder!
You kill the adder!
You die...

## #.##
##...##
###.....####
#..@....$...
#..(........
###(....###
##...## #.##
##


There were no monsters in sight!

Table legend:
 A = Kills in this place as a percentage of kills in entire the game.
 B = Kills by you in this place as a percentage of kills by you in the entire game.
 C = Kills by friends in this place as a percentage of kills by friends in the entire game.
 D = Other kills in this place as a percentage of other kills in the entire game.
 E = Experience gained in this place as a percentage of experience gained in the entire game.
 F = Experience gained in this place divided by the number of levels of this place that you have seen.
                   A       B       C       D       E      F
               +-------+-------+-------+-------+-------+----------------------
         Total | 100.0 | 100.0 |  -nan |  -nan | 100.0 |  24.0
       Dungeon | 100.0 | 100.0 |  -nan |  -nan | 100.0 |  24.0
               +-------+-------+-------+-------+-------+----------------------

Vanquished Creatures
  A gnoll (D:1)
  An adder (D:2)
  A giant gecko (D:1)
  A giant cockroach (D:1)
  A goblin (D:1)
  2 hobgoblins (D:1)
  3 giant newts (D:1)
  2 kobolds (D:1)
  4 rats (D:1)
16 creatures vanquished.

Notes
Turn   | Place    | Note
--------------------------------------------------------------
     0 | D:1      | magipi, the Hill Orc Gladiator, began the quest for the Orb.
     0 | D:1      | Reached XP level 1. HP: 18/18 MP: 1/1
   380 | D:1      | Reached XP level 2. HP: 20/25 MP: 2/2
   512 | D:1      | Reached skill level 5 in Axes
   817 | D:1      | Reached XP level 3. HP: 21/30 MP: 3/3
   915 | D:2      | HP: 1/30 [poisoned by an adder]
   916 | D:2      | Succumbed to an adder's poison

Action                   || total
-------------------------++-------
Melee: War axe           ||    50
Throw: Throwing net      ||     3
       Tomahawk          ||     1
  Use: Potion            ||     2

Action                   || total
-------------------------++-------
Melee: War axe           ||    50
Throw: Throwing net      ||     3
       Tomahawk          ||     1
  Use: Potion            ||     2

Action                   || total
-------------------------++-------
Melee: War axe           ||    50
Throw: Throwing net      ||     3
       Tomahawk          ||     1
  Use: Potion            ||     2
